 Dungeon Sprint DCSS version 0.28-a0-224-g76b539d98b (webtiles) character file.

Game seed: 4815619366645650551

2 tbh1313 the Covered (level 1, -2/17 HPs)
             Began as a Gnoll Wanderer on Aug 22, 2021.
             Slain by a human (9 damage)
             ... in the Dungeon (Sprint III: "The Ten Rune Challenge").
             The game lasted 00:00:23 (51 turns).

tbh1313 the Covered (Gnoll Wanderer)                  Turns: 51, Time: 00:00:24

Health: -2/17      AC:  2    Str: 12    XL:     1   Next: 40%
Magic:  6/6        EV: 11    Int: 12    God:
Gold:   4          SH:  0    Dex:  9    Spells: 8/9 levels left

rFire   . . .      SeeInvis .   a - +0 hand axe
rCold   . . .      Faith    .   (no shield)
rNeg    . . .      Spirit   .   d - +0 robe
rPois   .          Reflect  .   (no helmet)
rElec   .          Harm     .   (no cloak)
rCorr   .          Rampage  .   (no gloves)
Will    .....      NoTele   +   (no boots)
Stlth   ++........              k - amulet of magic regeneration
HPRegen 0.05/turn               (no ring)
MPRegen 0.35/turn               (no ring)

@: no status effects
A: fangs 1, strong nose, distributed training
a: no special abilities


You were in the Dungeon.
You visited 1 branch You collected 4 gold pieces.

Inventory:

Hand Weapons
 a - a +0 hand axe (weapon)
 b - a +0 shortbow
Missiles
 c - 17 arrows
Armour
 d - a +0 robe (worn)
Jewellery
 k - an amulet of magic regeneration (around neck)
Scrolls
 j - a scroll of blinking
Potions
 e - a potion of curing
 g - a potion of haste
 h - 2 potions of magic
 i - a potion of berserk rage


   Skills:
 + Level 2.5 Fighting
 + Level 0.5 Short Blades
 + Level 0.5 Long Blades
 + Level 0.5 Axes
 + Level 0.5 Maces & Flails
 + Level 0.5 Polearms
 + Level 0.5 Staves
 + Level 0.5 Slings
 + Level 2.5 Bows
 + Level 0.5 Crossbows
 + Level 0.5 Throwing
 + Level 6.5 Armour
 + Level 0.5 Dodging
 + Level 2.3 Stealth
 + Level 2.5 Shields
 + Level 0.5 Unarmed Combat
 + Level 4.9 Spellcasting
 + Level 0.4 Conjurations
 + Level 0.4 Hexes
 + Level 0.4 Summonings
 + Level 0.4 Necromancy
 + Level 0.4 Translocations
 + Level 0.4 Transmutations
 + Level 0.4 Fire Magic
 + Level 0.4 Ice Magic
 + Level 0.4 Air Magic
 + Level 2.0 Earth Magic
 + Level 0.4 Poison Magic
 + Level 0.7 Invocations
 + Level 0.5 Evocations


You had 8 spell levels left.
You knew the following spells:

 Your Spells              Type           Power      Damage    Failure   Level
a - Sandblast             Erth           16%        2d6       9%          1

Your spell library contained the following spells:

 Spells                   Type           Power      Damage    Failure   Level
 Passwall                 Tmut/Erth      4%         N/A       19%         2
 Stone Arrow              Conj/Erth      10%        3d7       36%         3
 Petrify                  Tmut/Erth      5%         N/A       77%         4


Dungeon Overview and Level Annotations

Branches:
Dungeon (1/1)

Altars:


Innate Abilities, Weirdness & Mutations

You have very sharp teeth.
Your uncanny sense of smell can sniff out nearby items.
Your experience applies equally to all skills.


Message History

You kill the rat!
No target in view!
No target in view!
No target in view!
No target in view!
No target in view!
No target in view!
No target in view!
No target in view!
You see here a rat corpse.
You now have 4 gold pieces.
You open the door.
There is an open door here.
A human comes into view.
The human shouts!
You closely miss the human. The human closely misses you.
You closely miss the human. The human closely misses you.
You closely miss the human. The human closely misses you.
You hit the human.
The human is lightly wounded.
The human hits you! The human hits you.
You are too injured to fight recklessly!
You feel much better. The human barely misses you.
You closely miss the human.
The human is lightly wounded.
The human barely misses you.
You hit the human.
The human is moderately wounded.
The human hits you.
You miss the human.
The human is moderately wounded.
The human misses you.
You closely miss the human.
The human is moderately wounded.
The human hits you. The human barely misses you.
You completely miss the human.
The human is moderately wounded.
The human hits you!
Ouch! That really hurt!
You die...

▓#'####
▓...†.#....≈♣♣ ♣.
▓.....#...≈≈.♣♣♣..
▓.....#..≈≈≈≈...♣ +
▓####'#..≈≈≈≈≈≈♣♣.#
▓..†..#.≈≈≈≈≈≈....#
▓...†.#.≈≈≈≈≈.....#
▓.....#.≈≈≈.......#
▓'#####....@......#
▓..........p......#
▓▓▓▓▓▓▓▓▓▓▓▓▓▓▓▓▓▓▓
∆


You could see a human.

Levels and vault maps discovered:
D:        dungeon_sprint_mu [sprint_mu_entry_forest, sprint_mu_temple_rooms,
          sprint_mu_d1_spiders, sprint_mu_d2_genie, sprint_mu_d3_branching,
          sprint_mu_orc_legion, sprint_mu_elf_gauntlet, sprint_mu_hive_nellie,
          sprint_mu_lair_fedhas, sprint_mu_vaults_butterflies,
          sprint_mu_slime_circle, sprint_mu_swamp_cave, sprint_mu_shoals_archi,
          sprint_mu_blade_basic, sprint_mu_crypt_chambers,
          sprint_mu_tomb_spiral, sprint_mu_vestibule_basic,
          sprint_mu_gehenna_hellfire, sprint_mu_dis_giant,
          sprint_mu_tartarus_statrot, sprint_mu_cocytus_islands, sprint_mu_zot1]

Notes
Turn   | Place    | Note
-------+----------+-------------------------------------------
     0 | D        | tbh1313 the Gnoll Wanderer began the quest for the Orb.
     0 | D        | tbh1313 set off with the following items: a +0 hand axe, a
                  | +0 shortbow, 17 arrows, a +0 robe, a potion of curing, a
                  | potion of heal wounds, a potion of haste, 2 potions of
                  | magic, a potion of berserk rage, a scroll of blinking; and
                  | the following spell memorised: Sandblast; and the following
                  | spells available to memorise: Passwall, Stone Arrow,
                  | Petrify
     0 | D        | Reached XP level 1. HP: 17/17 MP: 6/6
    51 | D        | Slain by a human

Table legend: (Time is in decaauts)
 A = Elapsed time spent in this place.
 B = Non-inter-level travel time spent in this place.
 C = Inter-level travel time spent in this place.
 D = Time resting spent in this place.
 E = Time spent auto-exploring this place.
 F = Levels seen in this place.
 G = Mean time per level.
                   A        B        C        D        E       F      G
               +--------+--------+--------+--------+--------+-----+--------+
         Total |     55 |     55 |      0 |      0 |     17 |   1 |   55.0 |
       Dungeon |     55 |     55 |      0 |      0 |     17 |   1 |   55.0 |
               +--------+--------+--------+--------+--------+-----+--------+

Top non-repeatable levels by time:
       D: 55 daAuts

Table legend:
 A = Kills in this place as a percentage of kills in entire the game.
 B = Kills by you in this place as a percentage of kills by you in the entire game.
 C = Kills by friends in this place as a percentage of kills by friends in the entire game.
 D = Other kills in this place as a percentage of other kills in the entire game.
 E = Experience gained in this place as a percentage of experience gained in the entire game.
 F = Experience gained in this place divided by the number of levels of this place that you have seen.
                   A       B       C       D       E      F
               +-------+-------+-------+-------+-------+----------------------
         Total | 100.0 | 100.0 |   N/A |   N/A | 100.0 |   4.0
       Dungeon | 100.0 | 100.0 |   N/A |   N/A | 100.0 |   4.0
               +-------+-------+-------+-------+-------+----------------------

Action                   || total
-------------------------++-------
Melee: Hand axe          ||    16
       Bite              ||     1
  Use: Potion            ||     1
Armor: Robe              ||     1
Dodge: Dodged            ||    11

Vanquished Creatures
  4 rats (D)
4 creatures vanquished.

Vanquished Creatures (others)
  3 plants (D)
3 creatures vanquished.

Grand Total: 7 creatures vanquished
